 Dungeon Crawl Stone Soup version 0.16.2 (webtiles) character file.

247 RepoMan the Conjurer (level 6, -10/42 (45) HPs)
             Began as a Ghoul Conjurer on Aug 14, 2015.
             Mangled by an ogre
             ... wielding a +0 giant spiked club
              (16 damage)
             ... on level 4 of the Dungeon.
             The game lasted 00:24:38 (3349 turns).

RepoMan the Conjurer (Ghoul Conjurer)               Turns: 3349, Time: 00:24:38

HP:   -10/42 (45)   AC:  6    Str: 14    XL:     6   Next: 11%
MP:   6/11          EV: 11    Int: 10    God:
Gold: 124           SH:  0    Dex:  9    Spells: 3 memorised, 5 levels left

rFire  . . .     SeeInvis .     r - +0 great mace
rCold  + . .     Clarity  .     g - +0 leather armour
rNeg   + + +     SustAb   .     (no shield)
rPois  ∞         Gourm    .     (no helmet)
rElec  .         Spirit   .     (no cloak)
rCorr  .         Warding  .     s - +2 pair of gloves
rMut   .         Stasis   .     (no boots)
MR     .....                    (no amulet)
Stlth  +.........               (no ring)
                                (no ring)

@: rotting, not resistant to hostile enchantments, very unstealthy
A: rotting body, claws 1, carnivore 3, cold resistance 1, negative energy
resistance 3, poison resistance, slow healing 1, torment resistance, unbreathing
a: no special abilities


You were on level 4 of the Dungeon.
You were not hungry.

You visited 1 branch of the dungeon, and saw 4 of its levels.

You collected 124 gold pieces.

Inventory:

Hand weapons
 l - a +0 spear
 r - a +0 great mace (weapon)
 t - a +0 blowgun
Missiles
 u - 10 poisoned needles
Armour
 a - a +0 robe
 b - a +0 scale mail
 g - a +0 leather armour (worn)
 s - a +2 pair of gloves (worn)
 z - a +0 ring mail
Jewellery
 n - an uncursed ring of sustain abilities {unknown}
Scrolls
 e - 4 scrolls of identify {unknown}
 h - 2 scrolls of amnesia {unknown}
 j - 4 scrolls of teleportation {unknown}
 k - 2 scrolls of immolation {unknown}
 m - 2 scrolls of remove curse {unknown}
 p - a scroll of enchant weapon {unknown}
 w - 2 scrolls of random uselessness {unknown}
 y - a scroll of blinking {unknown}
Potions
 d - a potion of brilliance {unknown}
 f - 2 potions of heal wounds {unknown}
 i - a potion of magic {unknown}
 o - a potion of cancellation {unknown}
 q - a potion of invisibility {unknown}
 v - a potion of mutation {unknown}
 x - 2 potions of agility {unknown}
Books
 c - a book of Conjurations

   Spells                             Type                      Level
   a - Magic Dart                     Conjuration                  1
   b - Searing Ray                    Conjuration                  2
   c - Dazzling Spray                 Conjuration/Hexes            3
   d - Fulminant Prism                Conjuration/Hexes            4
   e - Iskenderun's Mystic Blast      Conjuration                  4
   f - Iskenderun's Battlesphere      Conjuration/Charms           5


   Skills:
 * Level 2.0 Maces & Flails
 + Level 2.6 Armour
 - Level 1.7 Dodging
 - Level 2.1 Stealth
 + Level 3.0 Spellcasting
 + Level 4.1 Conjurations


You had 5 spell levels left.
You knew the following spells:

 Your Spells              Type           Power        Failure   Level  Hunger
a - Magic Dart            Conj           #...         10%         1    #......
d - Dazzling Spray        Conj/Hex       #.......     52%         3    ###....
s - Searing Ray           Conj           #.....       12%         2    ###....


Dungeon Overview and Level Annotations

Branches:
Dungeon (4/15)
 Temple: D:4-7

Altars:
Elyvilon
Gozag
Makhleb
Vehumet
Yredelemnul
The Shining One


Innate Abilities, Weirdness & Mutations

Your body is rotting away.
You thrive on raw meat.
You have sharp fingernails.
You are carnivorous and can eat meat at any time.
Your flesh is cold resistant.
You are immune to negative energy.
Your system is resistant to poisons.
You heal slowly when monsters are visible.
You are immune to unholy pain and torment.
You can survive without breathing.


Message History

The ogre is lightly wounded.
The searing ray hits the ogre.
The ogre is heavily wounded.
The searing ray hits the ogre.
The ogre is severely wounded.
The ogre hits you with a giant spiked club!
Casting: Searing Ray
Confirm with . or Enter, or press ? or * to list all spells.
Aiming: Magic Dart
Press: ? - help, Shift-Dir - straight line, f/p - ogre
Aim: an ogre, wielding a giant spiked club (severely wounded)
The magic dart hits the ogre.
The ogre is severely wounded.
The ogre hits you with a giant spiked club!!
Ouch! That really hurt!
* * * LOW HITPOINT WARNING * * *
You thump the ogre!
The ogre is almost dead.
The ogre hits you with a giant spiked club!
You die...

##.................+.._..'
..............###...#.....#
............### ..##.....#
..........### ..####+#.#
..........## ....##..##
.........## #..........
#####....####### ..........
##.....#...##########.#.
##....@O.....## #...
##....#####..## #... ######
##..## ###. ##O.## #.
##..## ## #...# # ##..#
#.>.# #...# #


You could see an ogre.

Vanquished Creatures
  An ogre (D:4)
  A crimson imp (D:4)
  2 adders
  A giant mite (D:3)
  4 worms
  2 giant geckos (D:1)
  6 bats
  8 hobgoblins
  4 jackals (D:2)
  2 ball pythons
  6 giant newts
  9 goblins
  2 goblin skeletons (D:4)
  2 hobgoblin zombies (D:4)
  12 kobolds
  3 kobold skeletons (D:4)
  3 orc skeletons (D:4)
  An orc zombie (D:4)
  A rat (D:3)
70 creatures vanquished.

Notes
Turn   | Place    | Note
--------------------------------------------------------------
     0 | D:1      | RepoMan, the Ghoul Conjurer, began the quest for the Orb.
     0 | D:1      | Reached XP level 1. HP: 14/14 MP: 2/2
   434 | D:1      | Reached XP level 2. HP: 18/20 MP: 0/3
   476 | D:1      | Learned a level 2 spell: Searing Ray
   495 | D:1      | Reached skill level 1 in Armour
  1160 | D:1      | Reached XP level 3. HP: 20/26 MP: 3/6
  1586 | D:2      | Found a basalt altar of Yredelemnul.
  1774 | D:2      | Reached XP level 4. HP: 33/33 MP: 4/7
  1779 | D:2      | Learned a level 3 spell: Dazzling Spray
  1919 | D:2      | Found a burning altar of Makhleb.
  1925 | D:2      | Found a radiant altar of Vehumet.
  2295 | D:3      | Found an opulent altar of Gozag.
  2295 | D:3      | Found a white marble altar of Elyvilon.
  2871 | D:4      | Noticed an ogre
  2898 | D:4      | Killed an ogre
  2898 | D:4      | Reached skill level 1 in Maces & Flails
  2898 | D:4      | Reached skill level 4 in Conjurations
  2898 | D:4      | Reached XP level 5. HP: 13/38 MP: 0/9
  3058 | D:4      | Found a glowing golden altar of the Shining One.
  3072 | D:4      | Reached XP level 6. HP: 24/44 MP: 9/11
  3328 | D:4      | Noticed an ogre
  3349 | D:4      | Mangled by an ogre

Action                   |  1- 3 |  4- 6 || total
-------------------------+-------+-------++-------
Melee: Unarmed           |    57 |       ||    57
       Spear             |    31 |    17 ||    48
       Great mace        |       |    51 ||    51
 Cast: Magic Dart        |    35 |    19 ||    54
       Searing Ray       |     4 |     5 ||     9
 Stab: Sleeping          |     1 |       ||     1
  Eat: Chunk             |    15 |     4 ||    19
